 Dungeon Crawl Stone Soup version 0.29.1-12-g30fa7ad0bf (webtiles) character file.

Game seed: 15483588706197258688

68 DildoBatman the Conjurer (level 4, -14/33 HPs)
             Began as a Formicid Conjurer on Dec 13, 2022.
             Demolished by an ogre
             ... wielding a +0 giant club
              (16 damage)
             ... on level 4 of the Dungeon.
             The game lasted 00:02:32 (1066 turns).

DildoBatman the Conjurer (Formicid Conjurer)        Turns: 1066, Time: 00:02:33

Health: -14/33     AC:  4    Str: 12    XL:     4   Next: 41%
Magic:  8/8        EV: 12    Int: 19    God:
Gold:   90         SH:  0    Dex: 12    Spells: 5/8 levels left

rFire   . . .      SeeInvis +   c - +1 whip (freeze)
rCold   . . .      Faith    .   (no shield)
rNeg    . . .      Spirit   .   a - +0 robe
rPois   .          Reflect  .   (helmet unavailable)
rElec   .          Harm     .   n - +0 cloak
rCorr   .          Rampage  .   (no gloves)
Will    .....                   e - +0 pair of boots
Stlth   ++........              m - amulet of magic regeneration
HPRegen 0.11/turn               (no ring)
MPRegen 0.51/turn               (no ring)

@: no status effects
A: permanent stasis, dig shafts and tunnels, antennae 3, four strong arms
a: Dig, Shaft Self


You were on level 4 of the Dungeon.
You visited 1 branch of the dungeon, and saw 3 of its levels.

You collected 90 gold pieces.

Inventory:

Hand Weapons
 c - a +1 whip of freezing (weapon)
Missiles
 d - 4 stones
 o - 6 boomerangs
 q - a throwing net
Armour
 a - a +0 robe (worn)
 e - a +0 pair of boots (worn)
 n - a +0 cloak (worn)
Jewellery
 m - an amulet of magic regeneration (around neck)
Scrolls
 g - 2 scrolls of identify {unknown}
 h - a scroll of noise {unknown}
 j - a scroll of teleportation {unknown}
 p - 2 scrolls of immolation {unknown}
 s - a scroll of torment {unknown}
Potions
 b - 2 potions of magic
 f - a potion of berserk rage {unknown}
 i - a potion of lignification {unknown}
 k - a potion of curing {unknown}
 l - a potion of attraction {unknown}
 r - a potion of resistance {unknown}


   Skills:
 * Level 1.7 Fighting
 * Level 1.7 Armour
 - Level 2.0 Dodging
 - Level 2.4 Stealth
 * Level 2.8 Spellcasting
 * Level 4.0 Conjurations


You had 5 spell levels left.
You knew the following spells:

 Your Spells              Type           Power      Damage    Failure   Level
a - Searing Ray           Conj           36%        2d5       4%          2
c - Magic Dart            Conj           72%        1d6       3%          1

Your spell library contained the following spells:

 Spells                   Type           Power      Damage    Failure   Level
 Dazzling Flash           Conj/Hex       20%        N/A       21%         3
 Fulminant Prism          Conj/Hex       5%         3d7       56%         4
 Iskenderun's Mystic Bla  Conj/Tloc      10%        2d4       56%         4


Dungeon Overview and Level Annotations

Branches:
Dungeon (2/15)

Altars:


Innate Abilities, Weirdness & Mutations

You cannot be hasted, slowed, berserked, paralysed or teleported.
You can dig through walls and to a lower floor.
You have a pair of large antennae on your head. (SInv)
Your four strong arms can wield two-handed weapons with a shield.


Message History

r - Retreat! s - Stop attacking. g - Guard the area. f - Follow me.
Anything else - Cancel.
You shout for attention!
Unknown command.
What are your orders? t - Shout!
Orders for allies: a - Attack new target. r - Retreat! s - Stop attacking. g - Guard the area. f - Follow me.
Anything else - Cancel.
You shout for attention!
The ogre hits you with a +0 giant club.
Unknown command.
What are your orders? t - Shout!
Orders for allies: a - Attack new target. r - Retreat! s - Stop attacking. g - Guard the area. f - Follow me.
Anything else - Cancel.
You shout for attention!
The ogre hits you with a +0 giant club!
Unknown command.
What are your orders? t - Shout!
Orders for allies: a - Attack new target. r - Retreat! s - Stop attacking. g - Guard the area. f - Follow me.
Anything else - Cancel.
You shout for attention!
Unknown command.
What are your orders? t - Shout!
Orders for allies: a - Attack new target. r - Retreat! s - Stop attacking. g - Guard the area. f - Follow me.
Anything else - Cancel.
You shout for attention!
The ogre hits you with a +0 giant club!
You die...

... ..
#.# # #..
.#..
#..####.#
#O......#
#@# #.#
#.#.# ##
##


You could see an ogre.

Vanquished Creatures
  2 adders (D:2)
  2 worms (D:2)
  2 dart slugs (D:2)
  2 endoplasms (D:1)
  2 giant cockroaches
  4 goblins
  4 hobgoblins
  5 jackals
  2 kobolds (D:1)
  2 quokkas (D:2)
  3 ball pythons
  A bat (D:1)
  3 frilled lizards
  2 rats (D:2)
36 creatures vanquished.

Notes
Turn   | Place    | Note
-------+----------+-------------------------------------------
     0 | D:1      | DildoBatman the Formicid Conjurer began the quest for the
                  | Orb.
     0 | D:1      | Reached XP level 1. HP: 13/13 MP: 3/3
    79 | D:1      | Reached XP level 2. HP: 9/20 MP: 1/5
    82 | D:1      | Learned a level 2 spell: Searing Ray
   252 | D:1      | Reached skill level 1 in Fighting
   382 | D:1      | Found a faded altar of an unknown god.
   478 | D:2      | Reached skill level 1 in Armour
   551 | D:2      | Reached XP level 3. HP: 21/26 MP: 0/6
   926 | D:2      | Reached XP level 4. HP: 32/32 MP: 5/8
   951 | D:2      | Reached skill level 4 in Conjurations
  1051 | D:2      | You fall into a shaft and drop 2 floors!
  1054 | D:4      | Noticed an ogre
  1064 | D:4      | HP: 1/33 [ogre/+0 giant club (7)]
  1066 | D:4      | Demolished by an ogre

Illustrated notes

Levels and vault maps discovered:
D:1:      wander_arrival_desolate, layout_rooms,
          shapermc_ecumenical_altar_mp_vishouse
D:2:      layout_rooms
D:4:      layout_loops_cross, kennysheep_vampire_church, uniq_pikel,
          uniq_natasha, uniq_duvessa

Skill      XL: |  1  2  3  4 |
---------------+-------------+-----
Dodging        | 2 |  2.0
Fighting       | 1 |  1.7
Armour         | 1 |  1.7
Conjurations   | 4 |  4.0
Stealth        | |  2.4
Spellcasting   | |  2.8

Action                   |  1- 3 |  4- 6 || total
-------------------------+-------+-------++-------
Melee: Whip              |    28 |     2 ||    30
 Cast: Magic Dart        |    38 |    11 ||    49
       Searing Ray       |     6 |     3 ||     9
 Abil: Shaft Self        |       |     1 ||     1
Armor: Robe              |     9 |     1 ||    10
Dodge: Dodged            |    29 |     6 ||    35
